 Dungeon Sprint DCSS version 0.30-a0-272-gf98c3da03f (webtiles) character file.

Game seed: 6133290569918513465

274 rocky1 the Ducker (level 6, 0/49 HPs)
             Began as a Djinni Fire Elementalist on Oct 16, 2022.
             Was an Initiate of Gozag.
             Slain by a spatial vortex (22 damage)
             ... in the Dungeon (Sprint III: "The Ten Rune Challenge").
             The game lasted 00:02:25 (538 turns).

rocky1 the Ducker (Djinni Fire Elementalist)         Turns: 538, Time: 00:02:25

Health: 0/49       AC:  3    Str:  7    XL:     6   Next: 49%
Gold:   23         EV: 14    Int: 25    God:    Gozag SH:  0 Dex: 13

rFire   + + .      SeeInvis .    (no weapon)
rCold   x . .      Faith    .    (no shield)
rNeg    . . .      Spirit   .    a - +0 robe
rPois   ∞          Reflect  .    (no helmet)
rElec   .          Harm     .    j - +0 cloak
rCorr   .          Rampage  .    (no gloves)
Will    .....      NoTele   +    (boots unavailable)
Stlth   +++.......               (no amulet)
HPRegen 0.28/turn                h - +6 ring of intelligence
MPRegen 0.00/turn                (no ring)

@: flying
A: sickness immunity, fire resistance 2, cold vulnerability 1, float, innate
caster, HP casting, extra vitality 1
a: Renounce Religion, Potion Petition, Call Merchant, Bribe Branch


You were in the Dungeon.
You worshipped Gozag.
Gozag was noncommittal.
You visited 1 branch You collected 23 gold pieces.

Inventory:

Armour
 a - a +0 robe (worn)
 g - a +0 ring mail
 j - a +0 cloak (worn)
Jewellery
 h - a +6 ring of intelligence (left hand)
Scrolls
 f - a scroll of blinking
 k - a scroll of immolation {unknown}
 l - 2 scrolls of identify {unknown}
 m - a scroll of torment {unknown}
Potions
 b - a potion of curing
 c - a potion of heal wounds
 d - a potion of haste
 e - a potion of berserk rage
 i - a potion of brilliance {unknown}
 n - 2 potions of might {unknown}
 o - 4 potions of mutation
Miscellaneous
 p - a lightning rod (4/4)


   Skills:
 + Level 5.4 Fighting
 + Level 5.4 Armour
 + Level 6.5 Dodging
 + Level 5.3 Stealth
 + Level 4.9 Spellcasting


You couldn't memorise any spells.
You knew the following spells:

 Your Spells              Type           Power      Damage    Failure   Level
a - Foxfire               Conj/Fire      100%       2x1d9     1%          1
b - Scorch                Fire           60%        2d8       1%          2
c - Kindle Blastsparks    Fire/Tloc/Air  60%        2d15      3%          3
d - Inner Flame           Hex/Fire       30%        N/A       3%          3
e - Flame Wave            Conj/Fire      30%        2d9       11%         4
f - Summon Small Mammal   Summ           100%       N/A       1%          1
g - Passwall              Tmut/Erth      25%        N/A       1%          2
Your spell library was empty.

Dungeon Overview and Level Annotations

Branches:
Dungeon (1/1)

Altars:
Cheibriados
Fedhas
Gozag
Hepliaklqana
Makhleb
Nemelex Xobeh
Qazlal
Xom
Jiyva
Lugonu


Innate Abilities, Weirdness & Mutations

You are immune to sickness and miasma.
You are immune to poison.
Your flesh is very heat resistant. (rF++)
You are vulnerable to cold. (rC-)
You float through the air rather than walking.
You learn spells naturally, not from books.
Your magical power is your life essence.
You have superior vitality. (+4 MHP)


Message History

Your Armour skill increases to level 4!
Your Dodging skill increases to level 5!
Your Stealth skill increases to level 4!
Your Spellcasting skill increases to level 4!
Casting: Scorch (safe; 2% risk of failure)
Confirm with . or Enter, or press ? or * to list all spells.
Flames lash the shadow.
The shadow is burned terribly!
You destroy the shadow!
Your Fighting skill increases to level 5!
Your Armour skill increases to level 5!
Your Dodging skill increases to level 6!
Your Stealth skill increases to level 5!
You have reached level 6!
You start resting.
You start resting.
HP restored.
There is an open door here.
You reach down and open the door.
A spatial vortex comes into view.
Found five altars.
Unknown command.
Found a lightning rod (4/4).
Found five altars.
There is an open door here.
There is a snail-covered altar of Cheibriados here.
There is a hazy altar of Hepliaklqana here.
There is an opulent altar of Gozag here.
You hover solemnly before the altar of Gozag.
Gozag welcomes you!
Gozag waives the service fee.
The spatial vortex barely misses you.
There is a sparkling altar of Nemelex Xobeh here.
You see here a lightning rod (4/4).
p - a lightning rod (4/4)
The spatial vortex hits you. Space warps around you.
The spatial vortex hits you! Space warps around you!
There is a hazy altar of Hepliaklqana here.
The spatial vortex attacks as you move away!
The spatial vortex hits you!!
You die...
Your body crumbles into a pile of gold.

...♣ ♣.# $ $ $$ $$ ...♣♣♣
♣.# $ $
...~.♣♣♣♣.###+#+###+##
).~~♣..♣♣.#..........# $
.~~~~♣♣...'.⌠........#$$$$
$
.~≈≈~~~...#...######'#$$$
~~≈~~~....#.⌠.#__#...#
~≈~~~.....#...#_v#...#
~~~.......#+###_@#...#
..........# $#__#...+
.÷........# #__'...#
▓▓▓▓▓▓▓▓▓▓▓ ▓▓▓▓▓▓▓▓


You could see a spatial vortex.

Vanquished Creatures
  A shadow (D)
  A water elemental (D)
  A jelly (D)
  Crazy Yiuf (D)
  A human (D)
  An endoplasm (D)
  3 rats (D)
9 creatures vanquished.

Vanquished Creatures (others)
  37 foxfires (D)
37 creatures vanquished.

Grand Total: 46 creatures vanquished

Notes
Turn   | Place    | Note
-------+----------+-------------------------------------------
     0 | D        | rocky1 the Djinni Fire Elementalist began the quest for the
                  | Orb.
     0 | D        | rocky1 set off with the following spells memorised:
                  | Foxfire, Scorch, Kindle Blastsparks, Inner Flame, Flame
                  | Wave.
     0 | D        | Reached XP level 1. HP: 15/15 MP: 0/0
    36 | D        | Reached skill level 1 in Fighting
    36 | D        | Reached skill level 1 in Armour
    77 | D        | Reached skill level 3 in Dodging
    77 | D        | Reached XP level 2. HP: 11/23 MP: 0/0
    77 | D        | Reached XP level 3. HP: 14/28 MP: 0/0
    77 | D        | Learned a level 1 spell: Summon Small Mammal
   237 | D        | Noticed Crazy Yiuf
   242 | D        | Killed Crazy Yiuf
   243 | D        | Reached skill level 4 in Dodging
   243 | D        | Reached XP level 4. HP: 30/34 MP: 0/0
   357 | D        | Noticed a water elemental
   360 | D        | Killed a water elemental
   361 | D        | Reached XP level 5. HP: 35/41 MP: 0/0
   361 | D        | Learned a level 2 spell: Passwall
   395 | D        | Noticed a shadow
   404 | D        | Reached skill level 5 in Dodging
   404 | D        | Killed a shadow
   405 | D        | Reached skill level 5 in Fighting
   405 | D        | Reached skill level 5 in Armour
   405 | D        | Reached skill level 6 in Dodging
   405 | D        | Reached skill level 5 in Stealth
   405 | D        | Reached XP level 6. HP: 18/49 MP: 0/0
   529 | D        | Found a blossoming altar of Fedhas.
   529 | D        | Found a stormy altar of Qazlal.
   529 | D        | Found a snail-covered altar of Cheibriados.
   529 | D        | Found a burning altar of Makhleb.
   529 | D        | Found a shimmering altar of Xom.
   529 | D        | Noticed a spatial vortex
   530 | D        | Found a hazy altar of Hepliaklqana.
   530 | D        | Found an opulent altar of Gozag.
   530 | D        | Found a sparkling altar of Nemelex Xobeh.
   530 | D        | Found a corrupted altar of Lugonu.
   530 | D        | Found a viscous altar of Jiyva.
   534 | D        | Became a worshipper of Gozag Ym Sagoz the Greedy
   538 | D        | Slain by a spatial vortex

Illustrated notes

Levels and vault maps discovered:
D:        dungeon_sprint_mu [sprint_mu_entry_forest, sprint_mu_temple_rooms,
          sprint_mu_d1_horrors, sprint_mu_d2_genie, sprint_mu_d3_branching,
          sprint_mu_orc_legion, sprint_mu_elf_gauntlet, sprint_mu_hive_nellie,
          sprint_mu_lair_fedhas, sprint_mu_vaults_butterflies,
          sprint_mu_slime_circle, sprint_mu_swamp_cave, sprint_mu_snake_twists,
          sprint_mu_blade_basic, sprint_mu_crypt_lich, sprint_mu_tomb_spiral,
          sprint_mu_vestibule_basic, sprint_mu_gehenna_hellfire,
          sprint_mu_dis_giant, sprint_mu_tartarus_statrot,
          sprint_mu_cocytus_islands, sprint_mu_zot1]

Skill      XL: |  1  2  3  4  5 |
---------------+----------------+-----
Fighting       | 2 3 5 |  5.4
Armour         | 2 3 5 |  5.4
Stealth        | 2 3 5 |  5.3
Dodging        | 3 4 6 |  6.5
Spellcasting   | 3 4 |  4.9

Action                   |  1- 3 |  4- 6 || total
-------------------------+-------+-------++-------
Melee: Unarmed           |     2 |       ||     2
 Cast: Foxfire           |    22 |       ||    22
       Scorch            |       |    10 ||    10
  Use: Potion            |       |     1 ||     1
Dodge: Dodged            |     6 |     4 ||    10

Table legend: (Time is in decaauts)
 A = Elapsed time spent in this place.
 B = Non-inter-level travel time spent in this place.
 C = Inter-level travel time spent in this place.
 D = Time resting spent in this place.
 E = Time spent auto-exploring this place.
 F = Levels seen in this place.
 G = Mean time per level.
                   A        B        C        D        E       F      G
               +--------+--------+--------+--------+--------+-----+--------+
         Total |    537 |    537 |      0 |    351 |      0 |   1 |  537.0 |
       Dungeon |    537 |    537 |      0 |    351 |      0 |   1 |  537.0 |
               +--------+--------+--------+--------+--------+-----+--------+

Top non-repeatable levels by time:
       D: 537 daAuts
